 Seeded DCSS version 0.28.0-49-g6dfe1f597d (webtiles) character file.

Game seed: 13495589629864532205 (custom seed)

82 NinjaNoafa the Chopper (level 4, -4/40 HPs)
             Began as a Hill Orc Monk on May 11, 2022.
             Slain by a gnoll
             ... wielding a +1 whip of electrocution
              (9 damage)
             ... on level 3 of the Dungeon.
             The game lasted 00:03:42 (1967 turns).

NinjaNoafa the Chopper (Hill Orc Monk)              Turns: 1967, Time: 00:03:43

Health: -4/40      AC: 15    Str: 13    XL:     4   Next: 43%
Magic:  4/4        EV:  0    Int: 12    God:
Gold:   85         SH:  0    Dex: 17    Spells: 3/3 levels left

rFire   + . .      SeeInvis +   g - +2 hand axe of Tacukkif {freeze, Dex+4 SInv}
rCold   . . .      Faith    .   (no shield)
rNeg    . . .      Spirit   .   c - +0 crystal plate armour
rPois   .          Reflect  .   (no helmet)
rElec   .          Harm     .   (no cloak)
rCorr   .          Rampage  .   (no gloves)
Will    .....                   (no boots)
Stlth   ..........              (no amulet)
HPRegen 0.13/turn               i - ring of protection from fire
MPRegen 0.09/turn               (no ring)

@: attractive
A: no striking features
a: no special abilities


You were on level 3 of the Dungeon.
You visited 1 branch of the dungeon, and saw 3 of its levels.

You collected 85 gold pieces.

Inventory:

Hand Weapons
 a - a +0 hand axe
 g - the +2 hand axe of Tacukkif (weapon) {freeze, Dex+4 SInv}
   (You found it on level 2 of the Dungeon)

   It freezes those it strikes, dealing additional cold damage.
   It can also slow down cold-blooded creatures.
   Dex:       It affects your dexterity (+4).
   SInv:      It lets you see invisible.
Armour
 c - a +0 crystal plate armour (worn)
Jewellery
 i - a ring of protection from fire (left hand)
Scrolls
 d - a scroll of teleportation {unknown}
 h - 2 scrolls of noise {unknown}
 j - a scroll of fog {unknown}
Potions
 b - a potion of flight {unknown}
 e - a potion of attraction
 f - a potion of magic {unknown}


   Skills:
 - Level 3.9 Fighting
 - Level 5.0 Axes
 + Level 2.5 Armour
 - Level 2.6 Dodging
 - Level 1.9 Stealth


You had 3 spell levels left.
You didn't know any spells.
Your spell library contained the following spells:

 Spells                   Type           Power      Damage    Failure   Level
 Ensorcelled Hibernation  Hex/Ice        0%         N/A       100%        2
 Passwall                 Tmut/Erth      0%         N/A       100%        2
 Swiftness                Air            0%         N/A       100%        3


Dungeon Overview and Level Annotations

Branches:
Dungeon (3/15)

Altars:


Message History

You hit the gnoll. You freeze the gnoll.
The gnoll is heavily wounded.
The gnoll hits you with a +0 spear.
You hit the gnoll but do no damage.
The gnoll is heavily wounded.
The gnoll hits you but does no damage.
You hit the gnoll. You freeze the gnoll.
The gnoll is severely wounded.
The gnoll hits you but does no damage.
You hit the gnoll but do no damage.
The gnoll is severely wounded.
The gnoll hits you with a +0 spear.
You hit the gnoll. You freeze the gnoll.
You kill the gnoll!
Things that are here:
a +0 spear; a +0 leather armour; a gnoll corpse A gnoll comes into view.
It is wielding a +1 whip of electrocution.
A gnoll is nearby!
You hit the gnoll. You freeze the gnoll.
The gnoll is lightly wounded.
The gnoll hits you but does no damage.
You are electrocuted!
You barely miss the gnoll.
The gnoll is lightly wounded.
The gnoll hits you but does no damage.
You barely miss the gnoll.
The gnoll is lightly wounded.
The gnoll hits you with a +1 whip of electrocution. x2
You hit the gnoll but do no damage.
The gnoll is lightly wounded.
The gnoll hits you but does no damage.
You hit the gnoll. You freeze the gnoll.
The gnoll is severely wounded.
The gnoll hits you with a +1 whip of electrocution.
* * * LOW HITPOINT WARNING * * *
You are electrocuted!
* * * LOW HITPOINT WARNING * * *
It was a potion of attraction.
You feel attractive to monsters. The gnoll hits you but does no damage.
You are electrocuted!
You die...

#......# .#......#
........# ........#
........# ........#
#.......
........########
#.......
.......g@.))...#
#.......
...###########.#
#....... ###.#
#.......
########...###.......
.............+.......
########...###.......
##.....###..##
#.....≈.##.#
#..........#


You could see a gnoll.

Vanquished Creatures
  2 gnolls (D:3)
  2 adders (D:3)
  A worm (D:2)
  A dart slug (D:1)
  6 ball pythons
  A bat (D:2)
  6 endoplasms
  4 giant cockroaches
  A goblin (D:2)
  5 hobgoblins
  A quokka (D:2)
  3 frilled lizards (D:1)
  3 kobolds
  A rat (D:2)
37 creatures vanquished.

Notes
Turn   | Place    | Note
-------+----------+-------------------------------------------
     0 | D:1      | NinjaNoafa the Hill Orc Monk began the quest for the Orb.
     0 | D:1      | Reached XP level 1. HP: 19/19 MP: 1/1
   213 | D:1      | Reached XP level 2. HP: 17/27 MP: 2/2
   569 | D:1      | Found a faded altar of an unknown god.
  1180 | D:2      | Reached XP level 3. HP: 30/33 MP: 3/3
  1305 | D:2      | Identified a scroll of acquirement
  1305 | D:2      | Acquired a +0 crystal plate armour
  1382 | D:2      | Identified the +2 hand axe of Tacukkif {freeze, Dex+4 SInv}
  1444 | D:2      | Reached skill level 1 in Armour
  1826 | D:3      | Reached skill level 5 in Axes
  1914 | D:3      | Reached XP level 4. HP: 40/40 MP: 4/4
  1967 | D:3      | Slain by a gnoll

Illustrated notes

Levels and vault maps discovered:
D:1:      dpeg_chamrin_arrival_tetris, layout_basic, basic_ecumenical_altar
D:2:      layout_rooms, minmay_misc_feat_tower
D:3:      layout_basic, gammafunk_ghost_grave, chequers_serial_rivers_micro_c,
          grunt_ministairs_13, minmay_fountain_box, columned_hall_lemuel,
          st_stairs_4, minivault_11, uniq_grinder

Skill      XL: |  1  2  3  4 |
---------------+-------------+-----
Armour         | 1 2 |  2.5
Axes           | 5 |  5.0
Fighting       | |  3.9
Dodging        | |  2.6
Stealth        | |  1.9

Action                   |  1- 3 |  4- 6 || total
-------------------------+-------+-------++-------
Melee: Hand axe          |    97 |    18 ||   115
       Punch             |     2 |       ||     2
  Use: Scroll            |     1 |       ||     1
       Potion            |       |     1 ||     1
 Stab: Sleeping          |     4 |       ||     4
Armor: Robe              |     9 |       ||     9
       Crystal plate arm |    30 |    14 ||    44
Dodge: Dodged            |    29 |     1 ||    30
